 Dungeon Crawl Stone Soup version 0.27.1-34-g3ba077fa99 (webtiles) character file.

Game seed: 6233388936201219679

174 lonewolfV2 the Chopper (level 5, -1/46 HPs)
             Began as a Draconian Berserker on Jan 7, 2022.
             Was a Priest of Trog.
             Slain by a gnoll (7 damage)
             ... on level 4 of the Dungeon.
             The game lasted 00:05:59 (3786 turns).

lonewolfV2 the Chopper (Draconian Berserker)        Turns: 3786, Time: 00:06:00

Health: -1/46      AC:  5    Str: 19    XL:     5   Next: 28%
Magic:  4/4        EV: 12    Int:  7    God:    Trog [***...]
Gold:   73         SH:  0    Dex: 10    Spells: 4/4 levels left

rFire    . . .     SeeInvis .   a - +0 hand axe (freeze)
rCold    . . .     Faith    .   (no shield)
rNeg     . . .     Spirit   .   (armour unavailable)
rPois    .         Reflect  .   (helmet restricted)
rElec    .         Harm     .   (no cloak)
rCorr    +         Rampage  .   (no gloves)
Will     ++...                  (no boots)
Stlth    +.........             (no amulet)
HPRegen  1.15/turn              c - ring of resist corrosion
MPRegen  0.09/turn              (no ring)

@: strong-willed, regenerating
A: AC +5, unfitting armour, cold-blooded, low mp 1, weak 1
a: Renounce Religion, Berserk, Trog's Hand


You were on level 4 of the Dungeon.
You worshipped Trog.
Trog was most pleased with you.
You visited 1 branch of the dungeon, and saw 4 of its levels.
You also visited: Sewer.

You collected 73 gold pieces.

Inventory:

Hand Weapons
 a - a +0 hand axe of freezing (weapon)
Jewellery
 c - a ring of resist corrosion (left hand)
Wands
 f - a wand of mindburst (15)
Scrolls
 k - a scroll of brand weapon
Potions
 b - 3 potions of berserk rage
 d - a potion of degeneration
 g - 4 potions of flight


   Skills:
 + Level 4.0 Fighting
 + Level 4.5 Axes
 + Level 3.8 Dodging
 + Level 1.2 Stealth


You had 4 spell levels left.
You didn't know any spells.
Your spell library was empty.

Dungeon Overview and Level Annotations

Branches:
Dungeon (4/15)              Sewer (visited)
 Temple: D:4-7

Altars:
Dithmenos


Innate Abilities, Weirdness & Mutations

Your plain brown scales are hard. (AC +5)
You cannot fit into any form of body armour.
You are cold-blooded and may be slowed by cold attacks.
Your magical capacity is low. (-10% MP)
You are weak. (Str -2)


Message History

A bat comes into view.
A bat is nearby!
The bat barely misses you. The bat hits you.
The bat hits you but does no damage. The bat hits you.
You hit the bat but do no damage. The bat hits you but does no damage.
The bat misses you. The bat barely misses you.
You slash the bat! You freeze the bat.
You kill the bat!
Trog accepts your kill.
Done exploring.
Done exploring.
Done exploring.
There is an escape hatch in the floor here.
You slide downwards.
The hatch slams shut behind you.
The gnoll shouts! x3; You hear a shout!
The gnoll completely misses you.
You closely miss the gnoll. You hit the gnoll. You freeze the gnoll.
The gnoll hits you with a +0 whip. The gnoll closely misses you.
You closely miss the gnoll. You tail-slap the gnoll.
The gnoll is moderately wounded.
You closely miss the gnoll. The gnoll barely misses you.
You hit the gnoll. You freeze the gnoll.
The gnoll is moderately wounded.
You hit the ogre. You freeze the ogre. You hit the gnoll but do no damage.
The ogre hits you with a +0 giant spiked club!!
You hit the gnoll. You freeze the gnoll.
You tail-slap the gnoll, but do no damage.
The gnoll is heavily wounded.
You hit the ogre. You freeze the ogre. You completely miss the gnoll.
The gnoll barely misses you. The gnoll hits you with a +0 whip.
A goblin comes into view. It is wielding a +0 club.
The ogre hits you with a +0 giant spiked club!
* * * LOW HITPOINT WARNING * * *
Your skin crawls.
You feel strong-willed. The gnoll hits you with a +0 club.
* * * LOW HITPOINT WARNING * * *
The gnoll hits you with a +0 whip!
You die...

#.. #.. ..
.. #. #.
#.##.#####g#
#....O@g...#
##....gg...#
#########.#
.. #


You could see an ogre, 3 gnolls and a goblin.

Vanquished Creatures
  6 adders
  4 worms
  2 dart slugs (D:2)
  6 ball pythons
  16 endoplasms
  6 giant cockroaches
  4 goblins
  7 hobgoblins
  7 jackals
  5 quokkas
  14 bats
  6 frilled lizards
  6 kobolds
  5 rats
94 creatures vanquished.

Vanquished Creatures (collateral kills)
  A bat (Sewer)
  A quokka (Sewer)
2 creatures vanquished.

Grand Total: 96 creatures vanquished

Notes
Turn   | Place    | Note
-------+----------+-------------------------------------------
     0 | D:1      | lonewolfV2 the Draconian Berserker began the quest for the
                  | Orb.
     0 | D:1      | Reached XP level 1. HP: 19/19 MP: 1/1
   172 | D:1      | Reached XP level 2. HP: 26/26 MP: 2/2
   539 | D:1      | Reached ** piety under Trog
   566 | D:1      | Reached XP level 3. HP: 30/31 MP: 3/3
   836 | D:1      | Found a faded altar of an unknown god.
  1251 | D:2      | Reached XP level 4. HP: 9/40 MP: 4/4
  1875 | D:2      | Reached skill level 1 in Stealth
  2458 | D:3      | Found a shadowy altar of Dithmenos.
  2619 | D:3      | Found a glowing drain.
  2695 | Sewer    | Entered a sewer
  2704 | Sewer    | Reached XP level 5. HP: 44/46 MP: 5/5
  2787 | Sewer    | Reached *** piety under Trog
  3287 | Sewer    | Gained mutation: Your magical capacity is low. (-10% MP)
                  | [potion of mutation]
  3287 | Sewer    | Gained mutation: You are weak. (Str -2) [potion of
                  | mutation]
  3780 | D:4      | Noticed an ogre
  3786 | D:4      | Slain by a gnoll

Illustrated notes

Levels and vault maps discovered:
D:1:      dpeg_arrival_oval, layout_basic,
          chequers_ecumenical_altar_simple_redux, minmay_tetromino_t2
D:2:      layout_rooms, minmay_vboxes
D:3:      layout_loops_ring, nicolae_dithmenos_through_a_glass_darkly,
          portal_sewer_entry_e, chequers_serial_rivers_micro_c
D:4:      kennysheep_kobold_camp, layout_basic, st_stairs_10,
          hangedman_abyss_or_decor_stabs, uniq_natasha, uniq_menkaure,
          uniq_robin

Skill      XL: |  1  2  3  4 |
---------------+-------------+-----
Dodging        | 3 |  3.8
Axes           | 4 |  4.5
Stealth        | 1 |  1.2
Fighting       | 4 |  4.0

Action                   |  1- 3 |  4- 6 || total
-------------------------+-------+-------++-------
Melee: Hand axe          |   126 |   135 ||   261
       Tailslap          |    17 |    14 ||    31
Invok: Trog's Hand       |       |     1 ||     1
  Use: Scroll            |     2 |     8 ||    10
       Potion            |       |     5 ||     5
 Stab: Sleeping          |     2 |     4 ||     6
Armor: Skin              |    54 |    97 ||   151
Dodge: Dodged            |   120 |   147 ||   267
